 Dungeon Crawl Stone Soup version 0.27-a0-1184-ge86db4a01e (webtiles) character file.

Game seed: 5348099930759903487

8117 Zonian the Fighter (level 11, -3/92 HPs)
             Began as a Gnoll Wanderer on May 19, 2021.
             Was an Elder of Nemelex Xobeh.
             Slain by a vampire mosquito (10 damage)
             ... on level 10 of the Dungeon.
             The game lasted 00:33:54 (19113 turns).

Zonian the Fighter (Gnoll Wanderer)                Turns: 19113, Time: 00:33:55

Health: -3/92      AC: 11    Str: 19    XL:     11   Next: 25%
Magic:  20/20      EV: 13    Int: 14    God:    Nemelex Xobeh [****..]
Gold:   198        SH:  6    Dex: 14    Spells: 15/22 levels left

rFire    . . .     SeeInvis .   A - +1 rapier (venom)
rCold    . . .     Faith    .   e - +0 buckler
rNeg     . . .     Spirit   .   v - +0 ring mail
rPois    +         Reflect  .   i - +2 hat {Int+3}
rElec    .         Harm     .   s - +1 cloak
rCorr    .         Rampage  .   r - +0 pair of gloves
Will     .....                  (no boots)
Stlth    +++.......             m - amulet of the acrobat
HPRegen  0.25/turn              p - +6 ring of strength
MPRegen  0.17/turn              N - ring of poison resistance

@: on berserk cooldown, slowed, studying 2 skills, very slow
A: fangs 1, strong nose, distributed training
a: Renounce Religion, Draw Escape, Draw Destruction, Draw Summoning, Triple
Draw, Deal Four


You were on level 10 of the Dungeon.
You worshipped Nemelex Xobeh.
Nemelex Xobeh was greatly pleased with you.
You visited 1 branch of the dungeon, and saw 10 of its levels.

You collected 363 gold pieces.
You spent 165 gold pieces at shops.

Inventory:

Hand Weapons
 a - a +2 dagger
 c - a +0 hand crossbow of venom
 h - a +2 dagger of draining
 q - a +0 quarterstaff
 A - a +1 rapier of venom (weapon)
 J - a +3 scimitar of flaming
Missiles
 d - 204 bolts
 t - 18 poisoned darts (quivered)
 B - 2 javelins
 M - a curare-tipped dart
Armour
 e - a +0 buckler (worn)
 f - a +0 robe
 g - a +0 chain mail
 i - a +2 hat of intelligence (worn)
 r - a +0 pair of gloves (worn)
 s - a +1 cloak (worn)
 v - a +0 ring mail (worn)
 O - a +0 kite shield
Magical Staves
 l - a staff of cold
 y - a staff of air
Jewellery
 m - an amulet of the acrobat (around neck)
 p - a +6 ring of strength (left hand)
 C - an amulet of magic regeneration
 G - a ring of ice
 N - a ring of poison resistance (right hand)
Wands
 o - a wand of charming (13)
 I - a wand of mindburst (8)
Scrolls
 D - 2 scrolls of teleportation
 F - a scroll of magic mapping
 L - a scroll of blinking
 P - a scroll of amnesia
Potions
 b - a potion of berserk rage
 j - 3 potions of curing
 k - 3 potions of flight
 n - 2 potions of heal wounds
 u - a potion of haste
 w - 4 potions of brilliance
 x - 3 potions of attraction
 z - a potion of lignification
 E - 3 potions of resistance
 H - a potion of might
 K - a potion of mutation {unknown}


   Skills:
 + Level 10.4 Fighting
 + Level 6.1 Short Blades
 + Level 6.1 Long Blades
 + Level 6.1 Axes
 + Level 6.7 Maces & Flails
 + Level 6.1 Polearms
 + Level 6.1 Staves
 + Level 6.1 Slings
 + Level 6.1 Bows
 + Level 6.1 Crossbows
 + Level 6.1 Throwing
 + Level 6.1 Armour
 + Level 6.7 Dodging
 + Level 8.4 Stealth
 + Level 9.1 Shields
 + Level 6.1 Unarmed Combat
 + Level 6.1 Spellcasting
 + Level 5.0 Conjurations
 + Level 5.0 Hexes
 + Level 5.0 Summonings
 + Level 5.0 Necromancy
 + Level 5.0 Translocations
 + Level 5.0 Transmutations
 + Level 5.0 Fire Magic
 + Level 5.0 Ice Magic
 + Level 5.0 Air Magic
 + Level 5.0 Earth Magic
 + Level 5.0 Poison Magic
 + Level 6.7 Invocations
 + Level 6.7 Evocations


You had 15 spell levels left.
You knew the following spells:

 Your Spells              Type           Power      Damage    Failure   Level
a - Shock                 Conj/Air       72%        1d7       3%          1
b - Magic Dart            Conj           72%        1d6       3%          1
c - Searing Ray           Conj           36%        3d4       4%          2
d - Frozen Ramparts       Ice            36%        1d5       10%         3

Your spell library contained the following spells:

 Spells                   Type           Power      Damage    Failure   Level
 Animate Skeleton         Necr           36%        N/A       3%          1
 Apportation              Tloc           36%        N/A       3%          1
 Corona                   Hex            20%        N/A       3%          1
 Freeze                   Ice            72%        1d9       3%          1
 Summon Small Mammal      Summ           72%        N/A       3%          1
 Static Discharge         Conj/Air       18%        N/A       4%          2
 Confusing Touch          Hex            18%        N/A       10%         3
 Dazzling Flash           Conj/Hex       36%        N/A       10%         3
 Gell's Gravitas          Tloc           9%         N/A       10%         3
 Ozocubu's Armour         Ice            18%        N/A       10%         3
 Swiftness                Air            18%        N/A       10%         3
 Airstrike                Air            9%         N/A       30%         4
 Cause Fear               Hex            9%         N/A       30%         4
 Fulminant Prism          Conj/Hex       9%         3d7       30%         4
 Hailstorm                Conj/Ice       18%        3d6       30%         4
 Iskenderun's Mystic Bla  Conj/Tloc      18%        2d6       30%         4
 Petrify                  Tmut/Erth      18%        N/A       30%         4
 Irradiate                Conj/Tmut      9%         3d16      65%         5
 Lightning Bolt           Conj/Air       9%         1d21      65%         5
 Metabolic Englaciation   Hex/Ice        9%         N/A       65%         5
 Silence                  Hex/Air        9%         N/A       65%         5
 Yara's Violent Unravell  Hex/Tmut       9%         3d6       65%         5
 Blade Hands              Tmut           9%         N/A       99%         6
 Statue Form              Tmut/Erth      12%        N/A       99%         6
 Dragon Form              Tmut           9%         N/A       100%        7
 Discord                  Hex            9%         N/A       100%        8


Dungeon Overview and Level Annotations

Branches:
Dungeon (10/15)            Temple (0/1) D:7
   Lair: D:8-11         Orc: D:9-12

Altars:
Nemelex Xobeh
Zin

Shops:
D:1 (   D:3 *


Innate Abilities, Weirdness & Mutations

You have very sharp teeth.
Your uncanny sense of smell can sniff out nearby items.
Your experience applies equally to all skills.


Message History

You blow up the vampire mosquito!
The vampire mosquito bites you.
* * * LOW HITPOINT WARNING * * *
The vampire mosquito draws strength from your injuries!
The vampire mosquito bites you but does no damage.
You draw a card...
You have drawn Vitriol.
Press: ? - help, Shift-Dir - straight line, f - vampire mosquito
Aim: a vampire mosquito (severely damaged)
The bolt of acid hits the vampire mosquito!!
The vampire mosquito is splashed with acid.
The acid corrodes the vampire mosquito!
You destroy the vampire mosquito!
The bolt of acid hits the vampire mosquito!!
The vampire mosquito is splashed with acid.
You destroy the vampire mosquito!
The vampire mosquito misses you.
Unknown command.
You draw a card...
You have drawn Pain.
Press: ? - help, Shift-Dir - straight line, f - vampire mosquito
Aim: a vampire mosquito The vampire mosquito is unaffected.
The vampire mosquito bites you but does no damage.
The vampire mosquito closely misses you.
The vampire mosquito bites you!
* * * LOW HITPOINT WARNING * * *
The vampire mosquito draws strength from your injuries!
You draw a card...
You have drawn the Orb.
Press: ? - help, Shift-Dir - straight line, f/p - vampire mosquito
Aim: a vampire mosquito Your orb of destruction hits a rock wall. x6
The vampire mosquito bites you!
* * * LOW HITPOINT WARNING * * *
The vampire mosquito draws strength from your injuries!
The vampire mosquito closely misses you.
The vampire mosquito bites you!
You die...
Your body glows with a rainbow of weird colours and disappears.

##.## #..##.#.#.#
#.# #..##.#.#.#
#.# #.......#.#
##+# ##........#
#...# ####.#####
.....# ####.#
......# ##.##.#
.......####*..#.#
......†y@○○.....#
......)####.....#
......# #..####
.....# #.## #...#
#.# .... #.# ##.
#.# . #.# #.#


You could see a vampire mosquito (ally target).

Vanquished Creatures
  Erica (D:8)
  A two-headed ogre (D:9)
  Urug (D:10)
  A gargoyle (D:7)
  A troll (D:8)
  Blork the orc (D:5)
  3 yaks
  3 vampire mosquitoes (D:10)
  A water moccasin (D:5)
  An orc warrior (D:9)
  2 sky beasts
  3 ice beasts
  A black bear (D:5)
  A necrophage (D:5)
  A hornet zombie (D:5)
  2 ogres
  2 centaurs
  A phantom (D:6)
  5 scorpions
  A water moccasin skeleton (D:6)
  10 killer bees
  8 wights
  2 howler monkeys
  3 centaur zombies
  5 hounds
  3 bullfrog zombies
  A gnoll shaman (D:8)
  2 orc priests (D:9)
  3 bullfrog skeletons
  A jelly (D:4)
  4 centaur skeletons
  Terence (D:2)
  4 iguanas
  6 orc wizards
  Natasha (D:2)
  2 killer bee zombies
  10 gnolls
  2 howler monkey skeletons
  A howler monkey zombie (D:8)
  6 adders
  3 white imps
  An ufetubus (D:5)
  3 worms (D:2)
  2 dart slugs (D:5)
  14 orcs
  5 ball pythons
  3 bats
  5 endoplasms
  6 goblins
  6 hobgoblins
  3 jackals (D:3)
  4 kobolds
  3 quokkas
  2 frilled lizards
  6 rats
174 creatures vanquished.

Vanquished Creatures (collateral kills)
  A two-headed ogre (D:8)
  Eustachio (D:5)
  A kobold brigand (D:8)
  A gnoll sergeant (D:6)
  A water moccasin skeleton (D:7)
  A kobold (D:8)
6 creatures vanquished.

Vanquished Creatures (others)
  19 plants (D:5)
19 creatures vanquished.

Grand Total: 199 creatures vanquished

Notes
Turn   | Place    | Note
-------+----------+-------------------------------------------
     0 | D:1      | Zonian the Gnoll Wanderer began the quest for the Orb.
     0 | D:1      | Zonian set off with the following items: a +2 dagger, a
                  | potion of berserk rage, a +0 hand crossbow, 27 bolts, a +0
                  | buckler, a +0 robe
     0 | D:1      | Reached XP level 1. HP: 26/26 MP: 1/1
    40 | D:1      | Found a faded altar of an unknown god.
   124 | D:1      | Became a worshipper of Nemelex Xobeh the Trickster
   124 | D:1      | Reached * piety under Nemelex Xobeh
   228 | D:1      | Found Vonilod's Weapon Shoppe.
   513 | D:1      | Reached XP level 2. HP: 33/33 MP: 2/2
   700 | D:1      | Received a gift from Nemelex Xobeh
  1631 | D:2      | Reached XP level 3. HP: 38/38 MP: 3/3
  1857 | D:2      | Reached skill level 1 in Invocations
  2104 | D:2      | Learned a level 1 spell: Shock
  2820 | D:2      | Noticed Terence
  2825 | D:2      | Killed Terence
  2826 | D:2      | Reached skill level 1 in Short Blades
  2826 | D:2      | Reached skill level 1 in Long Blades
  2826 | D:2      | Reached skill level 1 in Axes
  2826 | D:2      | Reached skill level 1 in Polearms
  2826 | D:2      | Reached skill level 1 in Staves
  2826 | D:2      | Reached skill level 1 in Slings
  2826 | D:2      | Reached skill level 1 in Bows
  2826 | D:2      | Reached skill level 1 in Crossbows
  2826 | D:2      | Reached skill level 1 in Throwing
  2826 | D:2      | Reached skill level 1 in Armour
  2826 | D:2      | Reached skill level 1 in Unarmed Combat
  2826 | D:2      | Reached skill level 1 in Spellcasting
  2826 | D:2      | Reached XP level 4. HP: 42/45 MP: 5/5
  2950 | D:2      | Noticed Natasha
  2955 | D:2      | Killed Natasha
  2956 | D:2      | Reached skill level 1 in Conjurations
  2956 | D:2      | Reached skill level 1 in Hexes
  2956 | D:2      | Reached skill level 1 in Summonings
  2956 | D:2      | Reached skill level 1 in Necromancy
  2956 | D:2      | Reached skill level 1 in Translocations
  2956 | D:2      | Reached skill level 1 in Transmutations
  2956 | D:2      | Reached skill level 1 in Fire Magic
  2956 | D:2      | Reached skill level 1 in Ice Magic
  2956 | D:2      | Reached skill level 1 in Air Magic
  2956 | D:2      | Reached skill level 1 in Earth Magic
  2956 | D:2      | Reached skill level 1 in Poison Magic
  3216 | D:3      | Reached ** piety under Nemelex Xobeh
  3264 | D:3      | Found Ygarin's General Store.
  3456 | D:3      | Reached XP level 5. HP: 43/51 MP: 6/6
  4522 | D:4      | Noticed an ogre
  4533 | D:4      | Killed an ogre
  4534 | D:4      | Reached XP level 6. HP: 57/57 MP: 8/8
  4771 | D:4      | Reached XP level 7. HP: 63/63 MP: 10/10
  4907 | D:4      | Received a gift from Nemelex Xobeh
  5598 | D:5      | Entered Level 5 of the Dungeon
  5612 | D:5      | Reached *** piety under Nemelex Xobeh
  6035 | D:5      | Reached skill level 5 in Stealth
  6124 | D:5      | Reached skill level 9 in Fighting
  6569 | D:5      | Reached XP level 8. HP: 42/71 MP: 12/12
  6799 | D:5      | Reached skill level 5 in Shields
  7928 | D:5      | Received a gift from Nemelex Xobeh
  8117 | D:1      | Bought a +1 rapier of venom for 165 gold pieces
  8645 | D:5      | Noticed Blork the orc
  8648 | D:5      | Noticed Eustachio
  8658 | D:5      | Killed Eustachio
  8738 | D:5      | Killed Blork the orc
  8739 | D:5      | Reached XP level 9. HP: 69/76 MP: 14/14
  9582 | D:6      | Reached skill level 5 in Maces & Flails
  9582 | D:6      | Reached skill level 5 in Dodging
  9582 | D:6      | Reached skill level 5 in Evocations
 10470 | D:7      | Found a staircase to the Ecumenical Temple.
 10652 | D:7      | Found a glowing silver altar of Zin.
 11313 | D:7      | Reached skill level 5 in Invocations
 11315 | D:7      | Received a gift from Nemelex Xobeh
 11637 | D:7      | Reached **** piety under Nemelex Xobeh
 11763 | D:7      | Noticed a gargoyle
 11771 | D:7      | Killed a gargoyle
 12234 | D:7      | Reached XP level 10. HP: 73/85 MP: 17/17
 14007 | D:8      | Noticed Erica
 14019 | D:8      | Killed Erica
 14020 | D:8      | Reached skill level 5 in Short Blades
 14020 | D:8      | Reached skill level 5 in Long Blades
 14020 | D:8      | Reached skill level 5 in Axes
 14020 | D:8      | Reached skill level 5 in Polearms
 14020 | D:8      | Reached skill level 5 in Staves
 14020 | D:8      | Reached skill level 5 in Slings
 14020 | D:8      | Reached skill level 5 in Bows
 14020 | D:8      | Reached skill level 5 in Crossbows
 14020 | D:8      | Reached skill level 5 in Throwing
 14020 | D:8      | Reached skill level 5 in Armour
 14020 | D:8      | Reached skill level 5 in Unarmed Combat
 14020 | D:8      | Reached skill level 5 in Spellcasting
 14306 | D:8      | Noticed Psyche
 14309 | D:8      | Noticed Psyche
 14309 | D:8      | Psyche changed into Psyche the quokka
 14311 | D:8      | Killed Psyche the quokka
 14359 | D:8      | Reached skill level 10 in Fighting
 15358 | D:8      | Noticed a two-headed ogre
 15376 | D:8      | Killed a two-headed ogre
 16705 | D:9      | Learned a level 1 spell: Magic Dart
 16708 | D:9      | Learned a level 2 spell: Searing Ray
 17126 | D:9      | Received a gift from Nemelex Xobeh
 18057 | D:9      | Noticed a two-headed ogre
 18068 | D:9      | Killed a two-headed ogre
 18069 | D:9      | Reached XP level 11. HP: 70/92 MP: 19/19
 18782 | D:9      | Learned a level 3 spell: Frozen Ramparts
 18856 | D:10     | Entered Level 10 of the Dungeon
 19086 | D:10     | Noticed Urug
 19102 | D:10     | Killed Urug
 19103 | D:10     | Reached skill level 5 in Conjurations
 19103 | D:10     | Reached skill level 5 in Hexes
 19103 | D:10     | Reached skill level 5 in Summonings
 19103 | D:10     | Reached skill level 5 in Necromancy
 19103 | D:10     | Reached skill level 5 in Translocations
 19103 | D:10     | Reached skill level 5 in Transmutations
 19103 | D:10     | Reached skill level 5 in Fire Magic
 19103 | D:10     | Reached skill level 5 in Ice Magic
 19103 | D:10     | Reached skill level 5 in Air Magic
 19103 | D:10     | Reached skill level 5 in Earth Magic
 19103 | D:10     | Reached skill level 5 in Poison Magic
 19113 | D:10     | Slain by a vampire mosquito

Illustrated notes

Levels and vault maps discovered:
D:1:      dpeg_arrival_ratfight, layout_loops_ring,
          shapermc_ecumenical_altar_starsandcircs, serial_shops,
          nicolae_shop_waterfront, minmay_fountain_box
D:2:      layout_loops_ring, uniq_terence, uniq_natasha
D:3:      layout_loops_cross, serial_shops, shop
D:4:      layout_gridville
D:5:      layout_basic, serial_bayou, serial_bayou_pond_e, serial_bayou_pond_b,
          serial_bayou_pond_b, serial_bayou_pond_a, serial_bayou_pond_c,
          grunt_ministairs_8, minmay_misc_feat_nine_boxes,
          chequers_serial_rivers_micro_b, hex_medium, minmay_misc_feat_chi,
          minmay_misc_feat_more_columns, minivault_24, uniq_eustachio,
          uniq_blork_the_orc
D:6:      minmay_diamond_boxcup, layout_gridville
D:7:      layout_layer_cave, lemuel_round_altar, minmay_temple_entry_glass,
          minmay_manual_macuahuitl
D:8:      layout_basic, uniq_erica, uniq_psyche
D:9:      layout_basic
D:10:     layout_loops_corners, lair_entry_dummy, uniq_urug, uniq_fannar

Skill      XL: |  1  2  3  4  5  6  7  8  9 10 11 |
---------------+----------------------------------+-----
Invocations    | 1 2 3 4 5 6 |  6.7
Short Blades   | 1 2 3 4 5 6 |  6.1
Long Blades    | 1 2 3 4 5 6 |  6.1
Axes           | 1 2 3 4 5 6 |  6.1
Polearms       | 1 2 3 4 5 6 |  6.1
Staves         | 1 2 3 4 5 6 |  6.1
Slings         | 1 2 3 4 5 6 |  6.1
Bows           | 1 2 3 4 5 6 |  6.1
Crossbows      | 1 2 3 4 5 6 |  6.1
Throwing       | 1 2 3 4 5 6 |  6.1
Armour         | 1 2 3 4 5 6 |  6.1
Unarmed Combat | 1 2 3 4 5 6 |  6.1
Spellcasting   | 1 2 3 4 5 6 |  6.1
Conjurations   | 1 2 3 4 5 |  5.0
Hexes          | 1 2 3 4 5 |  5.0
Summonings     | 1 2 3 4 5 |  5.0
Necromancy     | 1 2 3 4 5 |  5.0
Translocations | 1 2 3 4 5 |  5.0
Transmutations | 1 2 3 4 5 |  5.0
Fire Magic     | 1 2 3 4 5 |  5.0
Ice Magic      | 1 2 3 4 5 |  5.0
Air Magic      | 1 2 3 4 5 |  5.0
Earth Magic    | 1 2 3 4 5 |  5.0
Poison Magic   | 1 2 3 4 5 |  5.0
Shields        | 3 4 6 7 8 9 |  9.1
Maces & Flails | 3 4 5 6 |  6.7
Dodging        | 3 4 5 6 |  6.7
Evocations     | 3 4 5 6 |  6.7
Stealth        | 5 6 8 |  8.4
Fighting       | 9 10 | 10.4

Action                   |  1- 3 |  4- 6 |  7- 9 | 10-12 || total
-------------------------+-------+-------+-------+-------++-------
Melee: Dagger            |    64 |    86 |   165 |    16 ||   331
       Bite              |     3 |    12 |    52 |    40 ||   107
       Rapier            |       |       |   210 |   223 ||   433
 Fire: Hand crossbow     |    17 |    10 |    58 |    45 ||   130
Throw: Dart              |       |       |     4 |       ||     4
       Throwing net      |       |       |     1 |       ||     1
 Cast: Shock             |       |       |     8 |       ||     8
Invok: Draw Destruction  |       |       |    12 |     7 ||    19
       Draw Escape       |       |       |     2 |       ||     2
       Draw Summoning    |       |       |       |     1 ||     1
Evoke: Wand              |       |       |     4 |     3 ||     7
  Use: Scroll            |       |     8 |    11 |     5 ||    24
       Potion            |       |       |       |     4 ||     4
 Stab: Sleeping          |     4 |     2 |     5 |     2 ||    13
       Distracted        |       |       |     1 |       ||     1
Armor: Robe              |    20 |    13 |     1 |       ||    34
       Ring mail         |       |       |   125 |    75 ||   200
Dodge: Dodged            |    34 |    44 |   206 |   158 ||   442
Block: Buckler           |    13 |    23 |    88 |    81 ||   205

Table legend: (Time is in decaauts)
 A = Elapsed time spent in this place.
 B = Non-inter-level travel time spent in this place.
 C = Inter-level travel time spent in this place.
 D = Time resting spent in this place.
 E = Time spent auto-exploring this place.
 F = Levels seen in this place.
 G = Mean time per level.
                   A        B        C        D        E       F      G
               +--------+--------+--------+--------+--------+-----+--------+
         Total |  19118 |  18418 |    700 |   9931 |   5692 |  10 | 1911.8 |
       Dungeon |  19118 |  18418 |    700 |   9931 |   5692 |  10 | 1911.8 |
               +--------+--------+--------+--------+--------+-----+--------+

Top non-repeatable levels by time:
     D:5: 3308 daAuts
     D:8: 3210 daAuts
     D:7: 2289 daAuts
     D:9: 2211 daAuts
     D:6: 2046 daAuts
     D:2: 1800 daAuts
     D:1: 1555 daAuts
     D:4: 1439 daAuts
     D:3: 1002 daAuts
    D:10: 254 daAuts
